[Event "Titled Tuesday Blitz July 4 Late 2023"]
[White "Ismagilov, Damir"]
[Black "Cooklev, Steven"]
[WhiteFideId "34199982"]
[BlackFideId "2050552"]
[WhiteElo "2550"]
[BlackElo "2378"]
[Result "1-0"]
[Round "3"]
[TimeControl "180+2"]
[Date "2023.07.04"]
[WhiteClock "0:00:45"]
[BlackClock "0:00:00"]
[Board "104"]

1. d4 Nf6 2. Bf4 d5 3. e3 c5 4. c3 Nc6 5. Nd2 Bg4 6. Qb3 Qc8 7. Ngf3 e6 8. h3 Bh5 9. Be2 Be7 10. O-O O-O 11. Rfe1 h6 12. a4 Bg6 13. Ne5 Nxe5 14. Bxe5 Nd7 15. Bh2 c4 16. Qd1 b6 17. Bf3 f5 18. b3 cxb3 19. Qxb3 Bf7 20. Rac1 Nf6 21. c4 Qd7 22. cxd5 exd5 23. Rc7 Qd8 24. Rec1 Bd6 25. Bxd6 Qxd6 26. Be2 f4 27. R1c6 Qd8 28. Ba6 fxe3 29. fxe3 Kh8 30. Nf3 Be8 31. Rc8 Rxc8 32. Rxc8 Qe7 33. Ne5 Kh7 34. Bd3+ Kg8 35. Bg6 Bxg6 36. Nxg6 Qd6 37. Rxf8+ 1-0


[Site "https://www.chess.com"]

[Event "Titled Tuesday Blitz July 4 Late 2023"]
[White "Sousa, Andre Ventura"]
[Black "financieru"]
[WhiteFideId "1917617"]
[WhiteElo "2550"]
[BlackElo "2378"]
[Result "1-0"]
[Round "3"]
[TimeControl "180+2"]
[Date "2023.07.04"]
[WhiteClock "0:00:28"]
[BlackClock "0:00:22"]
[Board "105"]

1. e4 c5 2. Nf3 e6 3. Nc3 a6 4. g3 d6 5. Bg2 Nf6 6. O-O Be7 7. d4 cxd4 8. Nxd4 O-O 9. a4 Qc7 10. a5 Nc6 11. Nxc6 bxc6 12. Be3 Nd7 13. Na4 Rb8 14. Nb6 c5 15. Nxc8 Rfxc8 16. b3 Ne5 17. Qe2 Rb5 18. Bd2 Nc6 19. Ra4 Bf6 20. g4 g6 21. g5 Bg7 22. f4 Nxa5 23. f5 Nc6 24. Rxa6 Bd4+ 25. Kh1 Rb6 26. fxe6 fxe6 27. Bh3 Re8 28. Rxb6 Qxb6 29. Qc4 Nd8 30. Bc3 Bxc3 31. Qxc3 Qc6 32. Qf3 Qd7 33. Qf6 Nf7 34. Rd1 Qe7 35. Kg2 Nxg5 36. Qxe7 Rxe7 37. Rxd6 Nxe4 38. Rxe6 Rxe6 39. Bxe6+ Kg7 40. Bd5 Ng5 41. c3 Kf6 42. b4 cxb4 43. cxb4 Ke7 44. b5 Nf7 45. Bxf7 Kxf7 46. b6 Ke7 47. b7 Kd7 48. b8=Q 1-0


[Site "https://www.chess.com"]

[Event "Titled Tuesday Blitz July 4 Late 2023"]
[White "D`Arruda, Ricardo D."]
[Black "BenchGM"]
[WhiteFideId "100692"]
[WhiteElo "2550"]
[BlackElo "2377"]
[Result "1-0"]
[Round "3"]
[TimeControl "180+2"]
[Date "2023.07.04"]
[WhiteClock "0:01:04"]
[BlackClock "0:00:00"]
[Board "106"]

1. Nf3 Nf6 2. d4 d5 3. c4 e6 4. e3 c5 5. Nc3 cxd4 6. exd4 Nc6 7. Bd3 Be7 8. O-O O-O 9. Bf4 a6 10. Rc1 Nb4 11. Be2 dxc4 12. Bxc4 b5 13. Bb3 Bb7 14. a3 Nbd5 15. Bg3 Rc8 16. Nxd5 Nxd5 17. Rxc8 Qxc8 18. Qd2 Qa8 19. Ne5 Rc8 20. f3 h6 21. h4 Nb6 22. Qf4 Bf6 23. Ng4 Be7 24. Ne5 Bf6 25. Re1 Bd5 26. Bd1 Bxe5 27. Qxe5 Rc1 28. Be2 Rxe1+ 29. Bxe1 Nc4 30. Qg3 Qf8 31. Bc3 Qe7 32. Qb8+ Kh7 33. Qf4 Qd6 34. Qxf7 Ne3 35. Bd3+ Nf5 36. Bxf5+ exf5 37. Qxf5+ g6 38. Qe5 Qd7 39. Kf2 Bg8 40. Bb4 Qf7 41. Qe7 Qxe7 42. Bxe7 Bd5 43. Ke3 Kg7 44. Kf4 Kf7 45. Bb4 Ke6 46. Bd2 Kf6 47. Bb4 g5+ 48. hxg5+ hxg5+ 49. Ke3 Kf5 50. g4+ Kf6 51. Ba5 Kg6 52. Bd8 Bc6 53. f4 gxf4+ 54. Kxf4 Bd7 55. g5 Kf7 56. Ke5 Ke8 57. Ba5 Bg4 58. d5 Bh5 59. Kf6 Bf7 60. d6 Bg8 61. g6 Kd7 62. Bb4 a5 63. Bc5 1-0


[Site "https://www.chess.com"]

[Event "Titled Tuesday Blitz July 4 Late 2023"]
[White "Besedes, Danilo"]
[Black "Kanyamarala, Trisha"]
[WhiteFideId "946796"]
[BlackFideId "45004722"]
[WhiteElo "2545"]
[BlackElo "2377"]
[Result "1-0"]
[Round "3"]
[TimeControl "180+2"]
[Date "2023.07.04"]
[WhiteClock "0:01:22"]
[BlackClock "0:00:35"]
[Board "107"]

1. b3 e5 2. Bb2 Nc6 3. e3 Nf6 4. Bb5 d6 5. d4 exd4 6. exd4 d5 7. Nf3 Bb4+ 8. Nbd2 O-O 9. O-O Bg4 10. h3 Bh5 11. Be2 Ne4 12. Nxe4 dxe4 13. Ne5 Bxe2 14. Qxe2 Re8 15. Qxe4 f6 16. Nxc6 Rxe4 17. Nxd8 Rxd8 18. a3 Ba5 19. b4 Bb6 20. Rfe1 Rf4 21. g3 Rf5 22. Rad1 Kf7 23. c4 c6 24. Kg2 a5 25. Re4 axb4 26. axb4 Ra8 27. Rde1 Ra2 28. R1e2 Kg6 29. g4 Rg5 30. f4 f5 31. Re6+ Kf7 32. fxg5 Rxb2 33. Rxb2 Kxe6 34. Re2+ Kd6 35. c5+ 1-0


[Site "https://www.chess.com"]

[Event "Titled Tuesday Blitz July 4 Late 2023"]
[White "Golubev, Mikhail"]
[Black "Mindhunter08"]
[WhiteFideId "14100983"]
[WhiteElo "2544"]
[BlackElo "2376"]
[Result "1/2-1/2"]
[Round "3"]
[TimeControl "180+2"]
[Date "2023.07.04"]
[WhiteClock "0:00:07"]
[BlackClock "0:00:10"]
[Board "108"]

1. e4 e5 2. Nf3 Nc6 3. Bc4 Nf6 4. Ng5 d5 5. exd5 Na5 6. Bb5+ c6 7. dxc6 bxc6 8. Bd3 Nd5 9. Nf3 Bd6 10. O-O O-O 11. Re1 Re8 12. Nc3 Rb8 13. a3 h6 14. b4 Nb7 15. Bb2 Nf4 16. Ne4 Bc7 17. Bc4 a5 18. d4 axb4 19. Nxe5 Bxe5 20. dxe5 Qb6 21. Nd6 Nxd6 22. exd6 Bd7 23. Rxe8+ Rxe8 24. axb4 Qxb4 25. Bb3 Qe4 26. f3 Qe3+ 27. Kh1 Qf2 28. Qf1 Qc5 29. Qc4 Qf5 30. Qf1 Qg5 31. g3 Nd5 32. Re1 Ne3 33. Qf2 Qc5 34. Bc1 Bh3 35. Bxe3 Qxd6 36. Bf4 Rxe1+ 37. Qxe1 Qc5 38. Qe8+ Kh7 39. Qe4+ g6 40. Qe2 Qa5 41. Be3 Qa1+ 42. Bg1 Qc3 43. g4 c5 44. Qe3 Qf6 45. f4 Bxg4 46. h3 Bf5 47. Kh2 Qc6 48. Qg3 c4 49. Bxc4 Qxc4 50. Qe3 Qxc2+ 51. Bf2 Qc4 52. h4 h5 53. Qd4 Qe6 54. Qe5 Qc6 55. Bd4 Qc2+ 56. Kg3 Qd3+ 57. Kf2 Qd2+ 58. Kg3 Qd3+ 59. Kf2 Qc2+ 60. Kg3 Qb3+ 61. Kf2 Qa2+ 62. Kg3 Qb3+ 63. Bc3 f6 64. Qxf6 Qg8 65. Qe7+ Kh6 66. Qf6 Bg4 67. Qg5+ Kh7 68. Qe7+ Kh6 69. f5 gxf5 70. Bd2+ f4+ 71. Bxf4+ Kg6 72. Qg5+ Kh7 73. Qe7+ Qg7 74. Qxg7+ Kxg7 75. Bg5 Kg6 76. Bf4 Kf5 77. Be3 Ke4 78. Bf2 Kd3 79. Bb6 Ke2 80. Ba7 Kf1 81. Bb8 Ke2 82. Bc7 Kd3 83. Bb8 Ke4 84. Bc7 Kf5 85. Bb8 1/2-1/2


[Site "https://www.chess.com"]

[Event "Titled Tuesday Blitz July 4 Late 2023"]
[White "Silva, Pedro Gil Ferreira Da"]
[Black "Rodriguez, Santiago"]
[WhiteFideId "1946102"]
[BlackFideId "3000591"]
[WhiteElo "2369"]
[BlackElo "2543"]
[Result "1-0"]
[Round "3"]
[TimeControl "180+2"]
[Date "2023.07.04"]
[WhiteClock "0:00:45"]
[BlackClock "0:00:00"]
[Board "109"]

1. e4 c5 2. Nf3 Nc6 3. Bb5 g6 4. O-O Bg7 5. c3 Nf6 6. d4 d5 7. exd5 Qxd5 8. c4 Qh5 9. d5 a6 10. Ba4 b5 11. cxb5 Nb4 12. bxa6+ Nd7 13. a3 Nxa6 14. d6 e6 15. Nc3 O-O 16. Be3 Rb8 17. Qd2 Rd8 18. Rfd1 Bb7 19. Qe2 Bxf3 20. Qxf3 Qxf3 21. gxf3 Rxb2 22. Ne4 c4 23. Rac1 Ne5 24. f4 Nf3+ 25. Kg2 Nh4+ 26. Kh3 Nf5 27. Rxc4 Nxe3 28. fxe3 Re2 29. Rd3 Nb8 30. d7 Nxd7 31. Bxd7 Kf8 32. Rc8 Rxc8 33. Bxc8 h5 34. Ng3 Ke7 35. Nxe2 1-0


[Site "https://www.chess.com"]

[Event "Titled Tuesday Blitz July 4 Late 2023"]
[White "Kovacsy, Barnabas"]
[Black "Gasparyan, David"]
[WhiteFideId "769290"]
[BlackFideId "13311980"]
[WhiteElo "2364"]
[BlackElo "2543"]
[Result "0-1"]
[Round "3"]
[TimeControl "180+2"]
[Date "2023.07.04"]
[WhiteClock "0:00:00"]
[BlackClock "0:00:13"]
[Board "110"]

1. e4 c5 2. Nf3 Nc6 3. d4 cxd4 4. Nxd4 Qc7 5. Nc3 e6 6. Be3 Bb4 7. Nxc6 Qxc6 8. Qd4 Bxc3+ 9. bxc3 Nf6 10. Bd3 d6 11. O-O O-O 12. Bg5 e5 13. Qe3 Ng4 14. Qg3 h6 15. Bd2 Kh8 16. h3 Nf6 17. Qh4 Nh7 18. Rab1 Be6 19. Qe7 Rab8 20. a4 a6 21. a5 Rfe8 22. Qh4 Qc5 23. Rb6 Qxa5 24. Rfb1 d5 25. exd5 Qxd5 26. c4 Qd8 27. Qe4 Nf6 28. Qxe5 Bxc4 29. Qc3 Bxd3 30. Bxh6 Bg6 31. R1b4 Rc8 32. Qb2 Re1+ 33. Kh2 Qc7+ 34. g3 Rg8 35. Bxg7+ Rxg7 36. Qxf6 Qe7 37. Rxb7 Qxf6 0-1


[Site "https://www.chess.com"]

[Event "Titled Tuesday Blitz July 4 Late 2023"]
[White "Tomb, Maroun"]
[Black "Abduzhaparov"]
[WhiteFideId "5300398"]
[WhiteElo "2542"]
[BlackElo "2363"]
[Result "1-0"]
[Round "3"]
[TimeControl "180+2"]
[Date "2023.07.04"]
[WhiteClock "0:01:02"]
[BlackClock "0:00:00"]
[Board "111"]

1. e4 d6 2. d4 Nf6 3. Nc3 e5 4. Nf3 Nbd7 5. Bc4 Be7 6. O-O O-O 7. a4 c6 8. Re1 b6 9. h3 a6 10. dxe5 dxe5 11. Nh4 Nc5 12. Qf3 Be6 13. Bf1 b5 14. Nf5 b4 15. Na2 a5 16. b3 Bxf5 17. Qxf5 Qd4 18. Rb1 Ncxe4 19. Bb2 Nc3 20. Rbd1 Qxd1 21. Rxd1 Nxd1 22. Bxe5 Rae8 23. Nc1 g6 24. Qf3 Nxf2 25. Qxf2 Ne4 26. Qf4 Bc5+ 27. Kh2 Rxe5 28. Nd3 Re6 29. Nxc5 Nxc5 30. Bc4 Ree8 31. Qd6 Ne6 32. Qxc6 Rc8 33. Qd5 Rc5 34. Qd6 Rd8 35. Qe7 Rcc8 36. Bxe6 fxe6 37. Qxe6+ Kg7 38. Qe5+ Kg8 39. Qxa5 Rb8 40. Qg5 Rdc8 41. Qd2 Rd8 42. Qe2 Re8 43. Qc4+ Kg7 44. a5 Rec8 45. Qd3 Rd8 46. Qe4 Re8 47. Qd4+ Kh6 48. a6 Red8 49. Qh4+ Kg7 50. a7 Ra8 51. Qxb4 Rd7 52. c4 Raxa7 53. Qc3+ Kg8 54. b4 Rac7 55. c5 Rf7 56. b5 1-0


[Site "https://www.chess.com"]

[Event "Titled Tuesday Blitz July 4 Late 2023"]
[White "ElenGajger"]
[Black "Storme, Isak"]
[BlackFideId "1728113"]
[WhiteElo "2363"]
[BlackElo "2541"]
[Result "0-1"]
[Round "3"]
[TimeControl "180+2"]
[Date "2023.07.04"]
[WhiteClock "0:00:00"]
[BlackClock "0:00:08"]
[Board "112"]

1. e4 e5 2. d4 exd4 3. Nf3 d6 4. Bc4 Nf6 5. Qxd4 Nc6 6. Qe3 g6 7. h3 Bg7 8. O-O O-O 9. Nc3 Nd7 10. Re1 Nb6 11. Bf1 Re8 12. Qg5 Qxg5 13. Bxg5 h6 14. Bd2 Be6 15. Rad1 Nc4 16. Bxc4 Bxc4 17. b3 Be6 18. Nd5 Rac8 19. c4 f6 20. Bc3 Kf7 21. Nh4 Bd7 22. f4 h5 23. Kf2 Ne7 24. Nxe7 Rxe7 25. f5 g5 26. Ng6 Ree8 27. g4 h4 28. Kf3 Bc6 29. Re2 b5 30. cxb5 Bxb5 31. Rc2 Bc6 32. Re1 Ba8 33. Rd2 d5 34. Kf2 Rcd8 35. e5 c5 36. e6+ Kg8 37. Ba5 Rd6 38. Rc1 c4 39. bxc4 Ra6 40. Bc3 dxc4 41. Rd7 Rxa2+ 42. Ke3 Rh2 43. Rcd1 Rxh3+ 44. Kf2 Rxc3 45. Rf7 Rf3+ 46. Ke2 Rd3 47. Rb1 Bf3+ 48. Kf2 Be4 49. Rc1 c3 50. Re1 Bf3 51. Ra1 Ra8 52. Ne7+ Kh7 53. Rb1 c2 54. Rc1 Rc3 55. Ng6 Bxg4 56. e7 Bxf5 57. Nf8+ Kg8 58. Rxg7+ Kxg7 59. Nd7 Re8 60. Nc5 Rxc5 61. Re1 Rxe7 62. Rxe7+ Kg6 63. Re1 c1=Q 64. Rxc1 Rxc1 0-1


[Site "https://www.chess.com"]

[Event "Titled Tuesday Blitz July 4 Late 2023"]
[White "Fiol, Fabrice"]
[Black "Mazibuko, Khanya"]
[WhiteFideId "611670"]
[BlackFideId "14321041"]
[WhiteElo "2540"]
[BlackElo "2361"]
[Result "1-0"]
[Round "3"]
[TimeControl "180+2"]
[Date "2023.07.04"]
[WhiteClock "0:00:48"]
[BlackClock "0:01:27"]
[Board "113"]

1. e4 e5 2. Nf3 Nc6 3. Bc4 Bc5 4. d3 Nf6 5. c3 d6 6. Bb3 a6 7. Nbd2 Ba7 8. h3 O-O 9. Nf1 Be6 10. Ng3 d5 11. Qe2 Qd7 12. O-O dxe4 13. dxe4 Bxb3 14. axb3 Qe6 15. b4 h6 16. Nf5 Ne7 17. N3h4 Nxf5 18. Nxf5 Rfd8 19. Qf3 Rd7 20. Qg3 Nh5 21. Qg4 Qg6 22. Nxh6+ gxh6 23. Qxd7 Ng3 24. Re1 Nxe4 25. Be3 Bxe3 26. Rxe3 Nf6 27. Qxc7 Nd5 28. Qxb7 1-0


[Site "https://www.chess.com"]

[Event "Titled Tuesday Blitz July 4 Late 2023"]
[White "Moral Garcia, Serafin"]
[Black "Alahakoon, Isuru"]
[WhiteFideId "2201925"]
[BlackFideId "9900993"]
[WhiteElo "2539"]
[BlackElo "2352"]
[Result "0-1"]
[Round "3"]
[TimeControl "180+2"]
[Date "2023.07.04"]
[WhiteClock "0:01:54"]
[BlackClock "0:01:15"]
[Board "114"]

1. c4 b6 2. Nc3 Bb7 3. e4 e6 4. d3 g6 5. Nge2 Bg7 6. Be3 Ne7 7. g3 d5 8. cxd5 exd5 9. Bd4 Bxd4 10. Nxd4 c5 11. Nde2 d4 12. Nb1 f5 13. Bg2 fxe4 14. dxe4 O-O 15. O-O Nbc6 16. f4 Kg7 17. Na3 Nb4 18. Nc4 d3 19. Nc3 Qd4+ 20. Kh1 Qxc4 21. Qd2 Rae8 22. a3 Nc2 23. Rac1 Qd4 24. Rfd1 Ne3 25. Re1 Nxg2 26. Kxg2 Nf5 27. Kf1 Nd6 28. e5 Nf5 29. Nb5 Qd5 0-1


[Site "https://www.chess.com"]

[Event "Titled Tuesday Blitz July 4 Late 2023"]
[White "Kozelov, Roman"]
[Black "Osmak, Yuliia"]
[WhiteFideId "14133377"]
[BlackFideId "14101602"]
[WhiteElo "2342"]
[BlackElo "2537"]
[Result "1-0"]
[Round "3"]
[TimeControl "180+2"]
[Date "2023.07.04"]
[WhiteClock "0:01:13"]
[BlackClock "0:00:00"]
[Board "115"]

1. e4 e6 2. d4 d5 3. Nc3 Bb4 4. e5 Ne7 5. a3 Bxc3+ 6. bxc3 c5 7. Qg4 Kf8 8. Qd1 Qc7 9. Nf3 b6 10. a4 Ba6 11. Bb5 Bxb5 12. axb5 cxd4 13. cxd4 Qc4 14. Qd3 Qxd3 15. cxd3 a5 16. bxa6 Rxa6 17. Rxa6 Nxa6 18. Ba3 Ke8 19. Kd2 Kd7 20. Rb1 Rb8 21. Ng5 Nc6 22. Ke3 h6 23. Nxf7 b5 24. Nd6 b4 25. Bc1 Nc7 26. Bd2 Nb5 27. Nxb5 Rxb5 28. f4 Ra5 29. g4 Ra2 30. f5 Nxd4 31. Kxd4 Rxd2 32. Rxb4 Rxh2 33. Rb7+ Kc6 34. Rxg7 Rf2 35. fxe6 Rf3 36. Rg6 Kc7 37. Rxh6 Kd8 38. Rh7 Ke8 39. Rf7 Rg3 40. g5 Rxg5 41. Kxd5 Rg3 42. d4 Ra3 43. Ke4 1-0


[Site "https://www.chess.com"]

[Event "Titled Tuesday Blitz July 4 Late 2023"]
[White "Rottenwohrer Suarez, Juan"]
[Black "Cardozo Munar, Carlos Eduardo"]
[WhiteFideId "32068182"]
[BlackFideId "4409477"]
[WhiteElo "2531"]
[BlackElo "2341"]
[Result "1-0"]
[Round "3"]
[TimeControl "180+2"]
[Date "2023.07.04"]
[WhiteClock "0:00:03"]
[BlackClock "0:00:07"]
[Board "116"]

1. Nf3 Nf6 2. g3 g6 3. Bg2 Bg7 4. O-O O-O 5. d3 d6 6. e4 Nbd7 7. Nc3 c6 8. h3 b5 9. a3 Bb7 10. Nh4 a5 11. f4 b4 12. Ne2 c5 13. g4 e5 14. g5 Nh5 15. f5 Nf4 16. Nxf4 exf4 17. f6 Bh8 18. Bxf4 Ne5 19. Nf3 Re8 20. Nxe5 dxe5 21. Be3 Qc7 22. b3 Rad8 23. Qe2 Qc6 24. axb4 axb4 25. Ra5 c4 26. bxc4 Ra8 27. Rfa1 Rxa5 28. Rxa5 Ra8 29. Rxa8+ Bxa8 30. Qe1 Qa4 31. Qc1 h6 32. h4 Bc6 33. Qb1 Bd7 34. Qb2 hxg5 35. hxg5 Bg4 36. Qxe5 Bd1 37. Qb8+ Kh7 38. Qb7 Qe8 39. Qxb4 Bxc2 40. Qd2 Ba4 41. d4 Qb8 42. e5 Qb1+ 43. Kh2 Qf5 44. c5 Qg4 45. c6 Qh4+ 46. Kg1 Qg3 47. c7 Bd7 48. Qf2 Qg4 49. Qf3 Qe6 50. Qf4 Qc4 51. d5 Qxc7 52. Qh4+ Kg8 53. Qd4 Qc2 54. Kh2 Qf5 55. Kg1 Qb1+ 56. Kf2 Bg4 57. d6 Qc2+ 58. Qd2 Qc8 59. Kg3 Qf5 60. Qd4 Qd7 61. Qxg4 Qa4 62. Qxa4 1-0


[Site "https://www.chess.com"]

[Event "Titled Tuesday Blitz July 4 Late 2023"]
[White "Garmendiarov"]
[Black "WindWhistler11"]
[WhiteElo "2338"]
[BlackElo "2530"]
[Result "0-1"]
[Round "3"]
[TimeControl "180+2"]
[Date "2023.07.04"]
[WhiteClock "0:00:00"]
[BlackClock "0:00:41"]
[Board "117"]

1. d4 f5 2. Bf4 Nf6 3. e3 g6 4. h4 h6 5. Nf3 Bg7 6. c4 d6 7. Nc3 Nbd7 8. Be2 Ng4 9. Nh2 Ngf6 10. O-O e5 11. dxe5 dxe5 12. Bg3 c6 13. Qd6 Bf8 14. Qe6+ Qe7 15. Qxe7+ Bxe7 16. Rfd1 Bd8 17. Nf3 Bc7 18. Nd2 g5 19. hxg5 hxg5 20. f3 Nf8 21. c5 Nh5 22. Bh2 Ne6 23. Nc4 f4 24. b4 Ke7 25. Nd6 a5 26. a3 Bd7 27. Nce4 b6 28. Rac1 axb4 29. axb4 Ra2 30. Bf1 bxc5 31. bxc5 fxe3 32. Re1 Nhf4 33. Rxe3 Rb8 34. Ree1 Rbb2 35. Bxf4 Nxf4 0-1


[Site "https://www.chess.com"]

[Event "Titled Tuesday Blitz July 4 Late 2023"]
[White "Prem, Pranav"]
[Black "Ozen, Batuhan"]
[WhiteFideId "30901057"]
[BlackFideId "6345123"]
[WhiteElo "2530"]
[BlackElo "2338"]
[Result "1-0"]
[Round "3"]
[TimeControl "180+2"]
[Date "2023.07.04"]
[WhiteClock "0:00:11"]
[BlackClock "0:00:00"]
[Board "118"]

1. d4 Nf6 2. c4 e6 3. Nf3 d5 4. Nc3 Be7 5. Bg5 O-O 6. e3 b6 7. cxd5 Nxd5 8. Bxe7 Nxe7 9. Bd3 Bb7 10. O-O h6 11. Qe2 Nd7 12. Rfd1 Nf6 13. Rac1 Ned5 14. Ne5 Rc8 15. Nb5 a6 16. Na7 Ra8 17. Nac6 Qe8 18. Bb1 Nd7 19. Qd3 f5 20. f3 Nxe5 21. Nxe5 Rc8 22. a3 a5 23. Ba2 Rf6 24. Qd2 Kh7 25. e4 fxe4 26. fxe4 Nf4 27. Rf1 Ng6 28. Nxg6 Rxg6 29. Bb1 e5 30. d5 Ba6 31. Rf5 Qe7 32. Bd3 Bxd3 33. Qxd3 Rd8 34. Rcf1 c6 35. Qc4 cxd5 36. exd5 e4 37. Re1 Re8 38. Re3 Rd6 39. Rf4 Red8 40. Rfxe4 Qf6 41. Re5 Rf8 42. h3 Qf2+ 43. Kh2 Qf4+ 44. Qxf4 Rxf4 45. Rg3 Rd7 46. Re6 Rd4 47. Rxb6 R4xd5 48. Rgb3 Rg5 49. R6b5 Rd2 50. Rxg5 hxg5 51. Rb5 Kh6 52. Rxa5 Rxb2 53. Kg3 Ra2 54. Kh2 g6 55. Ra6 Kh5 56. Ra8 g4 57. hxg4+ Kxg4 58. a4 g5 59. a5 Kf4 60. a6 Kg4 61. a7 Ra3 62. Re8 Rxa7 63. Re4+ Kf5 64. Re3 g4 65. Rc3 Kf4 66. Rc4+ Kg5 67. Rc3 Ra5 68. Kg3 Re5 69. Rb3 Rd5 70. Rc3 Kf5 71. Rb3 Re5 72. Rc3 Rd5 73. Ra3 Rd4 74. Rb3 Kg5 75. Rb5+ Kf6 76. Rc5 Ke6 77. Ra5 Rc4 78. Rg5 Rc2 79. Rxg4 Kf5 80. Rf4+ Ke5 81. Rf3 Rc4 82. Kh3 Ke6 83. g4 Rc1 84. Kh4 Rh1+ 85. Kg5 Ke7 86. Rf5 Rh2 87. Kg6 Rg2 88. g5 Ke6 89. Rf4 Ke7 90. Rf5 Rg3 91. Kg7 Ke6 92. Rf6+ Ke5 93. g6 Rg5 94. Rf8 Ke6 95. Re8+ Kd7 96. Rf8 Ke6 97. Re8+ Kd7 98. Re2 Rg3 99. Re5 Kd6 100. Re4 Kd5 101. Re8 Kd6 102. Kf7 Rf3+ 103. Kg7 Kd7 104. Re4 Rh3 105. Rf4 Rg3 106. Kf7 Kd6 107. g7 Kd7 108. g8=Q Kd6 109. Qxg3 1-0


[Site "https://www.chess.com"]

[Event "Titled Tuesday Blitz July 4 Late 2023"]
[White "Shapiro, Daniel"]
[Black "Bagrationi, Alexander"]
[WhiteFideId "2001780"]
[BlackFideId "14104954"]
[WhiteElo "2335"]
[BlackElo "2527"]
[Result "1-0"]
[Round "3"]
[TimeControl "180+2"]
[Date "2023.07.04"]
[WhiteClock "0:00:07"]
[BlackClock "0:00:06"]
[Board "119"]

1. d4 Nf6 2. c4 g6 3. Nc3 Bg7 4. e4 O-O 5. Be2 d6 6. Nf3 Nbd7 7. Be3 c5 8. h3 cxd4 9. Bxd4 Nc5 10. Qc2 Be6 11. a3 a5 12. O-O a4 13. Rad1 Qa5 14. Nd5 Nxd5 15. Bxg7 Kxg7 16. cxd5 Bd7 17. Nd4 f6 18. f4 b5 19. e5 b4 20. g4 bxa3 21. bxa3 fxe5 22. fxe5 Rxf1+ 23. Rxf1 Rf8 24. e6 Rxf1+ 25. Bxf1 Be8 26. Qb2 Kg8 27. Nc6 Bxc6 28. dxc6 Qc7 29. Qf2 Kg7 30. g5 Nxe6 31. Bc4 Nxg5 32. Qg2 h6 33. h4 Nh7 34. Bd3 Nf8 35. h5 g5 36. Qe4 e6 37. Qd4+ Kf7 38. Bb5 d5 39. Kg2 Qa5 40. Bxa4 Nh7 41. Qb4 Qd8 42. Qb7+ Kf6 43. c7 Qd6 44. c8=Q Qxa3 45. Qxh7 Qxa4 46. Qg6+ Ke5 47. Qcxe6+ Kf4 48. Qgf5# 1-0


[Site "https://www.chess.com"]

[Event "Titled Tuesday Blitz July 4 Late 2023"]
[White "Droin, Augustin"]
[Black "Vasques, Antonio Pedro Freixial"]
[WhiteFideId "45105987"]
[BlackFideId "1908332"]
[WhiteElo "2524"]
[BlackElo "2335"]
[Result "1-0"]
[Round "3"]
[TimeControl "180+2"]
[Date "2023.07.04"]
[WhiteClock "0:01:19"]
[BlackClock "0:00:25"]
[Board "120"]

1. e4 c5 2. Nf3 Nc6 3. Bb5 g6 4. O-O Bg7 5. Re1 Nf6 6. e5 Nd5 7. Nc3 Nc7 8. Bxc6 dxc6 9. Ne4 Ne6 10. d3 O-O 11. Be3 b6 12. Qd2 Nd4 13. Nxd4 cxd4 14. Bh6 c5 15. Bxg7 Kxg7 16. h4 h5 17. f3 Qd5 18. Qf4 Be6 19. b3 b5 20. Nd2 Rac8 21. Kh2 Rh8 22. Rg1 a6 23. Kg3 f6 24. exf6+ exf6 25. Rae1 Bf7 26. Re7 Rhe8 27. Rge1 Qc6 28. Rxe8 Rxe8 29. Rxe8 Qxe8 30. Kf2 Qc6 31. Ne4 c4 32. Qd6 Qxd6 33. Nxd6 cxd3 34. cxd3 f5 35. Nxf7 Kxf7 36. Kg3 b4 37. Kf4 Kf6 38. g3 a5 39. g4 fxg4 40. fxg4 hxg4 41. Kxg4 Kf7 42. Kf3 Kf6 43. Kf4 Kf7 44. Ke4 Kf6 45. Kxd4 Kf5 46. Kc5 Kg4 47. d4 Kxh4 48. d5 g5 49. d6 g4 50. d7 g3 51. d8=Q+ Kh3 52. Qh8+ 1-0


[Site "https://www.chess.com"]

[Event "Titled Tuesday Blitz July 4 Late 2023"]
[White "ArchibaldCerveza29"]
[Black "Haitin, Ilja"]
[BlackFideId "4501764"]
[WhiteElo "2522"]
[BlackElo "2333"]
[Result "1/2-1/2"]
[Round "3"]
[TimeControl "180+2"]
[Date "2023.07.04"]
[WhiteClock "0:00:07"]
[BlackClock "0:00:06"]
[Board "121"]

1. e4 e6 2. d4 d5 3. Nd2 Be7 4. Bd3 c5 5. c3 cxd4 6. cxd4 dxe4 7. Nxe4 Nf6 8. Nc3 O-O 9. Nf3 b6 10. O-O Bb7 11. a3 Nc6 12. Bc2 Rc8 13. Re1 Na5 14. Ne5 Nc4 15. Bb3 Nd6 16. Qd3 Nf5 17. Be3 Nxe3 18. fxe3 Bd6 19. Nf3 Bxf3 20. gxf3 e5 21. Rad1 exd4 22. Qxd4 Bc5 23. Qh4 Qe7 24. Kh1 Rcd8 25. Bc2 Rxd1 26. Rxd1 Qxe3 27. Qh3 h6 28. Qf5 Qg5 29. Qd3 g6 30. b4 Be3 31. Bb3 Kg7 32. Re1 Re8 33. Ne2 Qh4 34. Rf1 Bg5 35. f4 Ng4 36. Qc3+ Kg8 37. Qg3 Qxg3 38. hxg3 Rxe2 39. fxg5 Re7 40. gxh6 Nxh6 41. Rd1 Kg7 42. Rd8 Nf5 43. Kg2 Ne3+ 44. Kh3 Nf5 45. Kg2 g5 46. Kf2 Nh6 47. Bd5 Rc7 48. Kf3 Nf5 49. Kg4 Kf6 50. Rh8 Ne3+ 51. Kf3 Nxd5 52. Ke4 Ne7 53. Rh6+ Kg7 54. Rd6 Ng6 55. Rd8 Re7+ 56. Kf5 Re5+ 57. Kg4 Re3 58. a4 Re4+ 59. Kf5 Rxb4 60. Ra8 Rxa4 61. Kxg5 Ra5+ 62. Kg4 Rc5 63. Rxa7 b5 64. Rb7 Rd5 65. Kf3 Re5 66. g4 Rc5 67. Kg3 Ne5 68. g5 Kg6 69. Kf4 Nc4 70. Rb8 Nd6 71. Rb6 Rd5 72. Kg4 Kg7 73. Kf4 Rd1 74. Rb8 Rb1 75. Ke5 Nc4+ 76. Kd4 Nd2 77. Kd3 Nf3 78. Ke4 Nxg5+ 79. Kf5 Ne6 80. Ke5 b4 81. Kd6 b3 82. Ke7 b2 83. Ke8 Nc7+ 84. Kd7 Rd1+ 85. Kxc7 b1=Q 86. Rb6 Qxb6+ 87. Kc8 f5 1/2-1/2


[Site "https://www.chess.com"]

[Event "Titled Tuesday Blitz July 4 Late 2023"]
[White "Brunner, Nicolas"]
[Black "Korpics, Zsolt"]
[WhiteFideId "620246"]
[BlackFideId "705241"]
[WhiteElo "2522"]
[BlackElo "2332"]
[Result "1-0"]
[Round "3"]
[TimeControl "180+2"]
[Date "2023.07.04"]
[WhiteClock "0:00:47"]
[BlackClock "0:00:00"]
[Board "122"]

1. Nf3 Nf6 2. g3 d5 3. Bg2 c6 4. O-O Bg4 5. h3 Bh5 6. d4 Nbd7 7. c4 e6 8. cxd5 cxd5 9. Nc3 Be7 10. Bf4 O-O 11. Rc1 a6 12. Ne5 Nxe5 13. dxe5 Nd7 14. g4 Bg6 15. e4 dxe4 16. Nxe4 Bxe4 17. Bxe4 Nc5 18. Bb1 Qxd1 19. Rfxd1 Rfd8 20. b4 Rxd1+ 21. Rxd1 Na4 22. Rd7 Bxb4 23. Rxb7 a5 24. Bc2 Nc5 25. Rc7 Rd8 26. Be3 Na6 27. Ra7 Nb8 28. Be4 Nd7 29. Bg5 f6 30. exf6 gxf6 31. Bh6 f5 32. gxf5 exf5 33. Bxf5 Nf6 34. Rg7+ Kh8 35. Rf7 Ne8 36. Rxh7+ Kg8 37. Rb7 Nd6 38. Be6+ Kh8 39. Rc7 Re8 40. Bb3 Re1+ 41. Kg2 Re8 42. Bg7+ Kh7 43. Bc2+ Kg8 44. Bb3+ Kh7 45. a3 Bxa3 46. Bb2+ Kg6 47. Bxa3 1-0


[Site "https://www.chess.com"]

[Event "Titled Tuesday Blitz July 4 Late 2023"]
[White "Garcia Cuenca, Victor"]
[Black "Bilan, Danila"]
[WhiteFideId "2250829"]
[BlackFideId "24161918"]
[WhiteElo "2320"]
[BlackElo "2518"]
[Result "0-1"]
[Round "3"]
[TimeControl "180+2"]
[Date "2023.07.04"]
[WhiteClock "0:00:07"]
[BlackClock "0:00:01"]
[Board "123"]

1. Nf3 d5 2. e3 Nf6 3. d4 c5 4. c3 Nc6 5. Bd3 Bg4 6. Nbd2 e6 7. h3 Bh5 8. Qe2 Bd6 9. g4 Bg6 10. dxc5 Bxc5 11. e4 dxe4 12. Nxe4 Nxe4 13. Bxe4 O-O 14. Bxg6 hxg6 15. Bd2 Qb6 16. O-O-O Rad8 17. h4 Rd5 18. h5 gxh5 19. Rxh5 Rfd8 20. Rdh1 Rxh5 21. gxh5 Bxf2 22. h6 g6 23. Ng5 Kf8 24. Rf1 Rxd2 25. Qxd2 Be3 26. Rxf7+ Ke8 27. h7 Bxd2+ 28. Kc2 Bxg5 29. h8=Q+ Kxf7 30. Qh7+ Kf6 31. Qh8+ Kf5 32. Qf8+ Bf6 33. Qh6 Qf2+ 34. Kb3 Qf3 35. Qh2 Nd4+ 36. Ka3 Ne2 37. Qd6 g5 38. Qd7 Nxc3 39. Qh7+ Ke5 40. bxc3 Qxc3+ 41. Ka4 a6 42. Qh2+ Kf5 43. Qh7+ Kf4 44. Qh2+ Kg4 45. Qg2+ Kh5 46. Qh1+ Kg6 47. Qe4+ Kg7 48. Qxb7+ Kh6 49. Qxa6 Qc2+ 50. Ka3 Be7+ 0-1


[Site "https://www.chess.com"]